 Dungeon Crawl Stone Soup version 0.25-a0-403-g49d089a364 (webtiles) character file.

Game seed: 4510118038630343118, levelgen mode: deterministic

647 DerDa the Magician (level 7, -6/41 HPs)
             Began as an Octopode Wizard on Jan 9, 2020.
             Mangled by an ice beast (14 damage)
             ... on level 4 of the Dungeon.
             The game lasted 00:16:00 (4490 turns).

DerDa the Magician (Octopode Wizard)                Turns: 4490, Time: 00:16:00

Health: -6/41      AC:  1    Str:  6    XL:     7   Next: 52%
Magic:  4/15       EV: 13    Int: 23    God:
Gold:   182        SH:  0    Dex: 10    Spells: 8/17 levels left

rFire    . . .     SeeInvis .   h - +2 dagger (vamp)
rCold    . . .     Gourm    .   (no shield)
rNeg     . . .     Faith    .   a - +0 hat
rPois    .         Spirit   .   (no amulet)
rElec    .         Reflect  .   k - ring of protection from magic
rCorr    .         Harm     .   d - ring of teleportation (curse)
MR       +....     Rnd*Tele +   (no ring)
Stlth    +++.......             (no ring)
HPRegen  0.13/turn              (no ring)
MPRegen  0.14/turn              (no ring)
                                (no ring)
                                (no ring)

@: no status effects
A: almost no armour, stealthy swim, amphibious, 8 rings, constrict 8, camouflage
1, gelatinous body 1
a: no special abilities


You were on level 4 of the Dungeon.
You were hungry.

You visited 1 branch of the dungeon, and saw 4 of its levels.
You also visited: Ossuary.

You collected 182 gold pieces.

Inventory:

Hand Weapons
 e - a +0 club
 f - a +0 hunting sling
 h - a +2 vampiric dagger (weapon)
 x - a +0 spear
Missiles
 b - 4 curare-tipped darts
 g - 79 stones (quivered)
 n - 42 sling bullets
Armour
 a - a +0 hat (worn)
 C - a +0 buckler
Jewellery
 d - a cursed ring of teleportation (right tentacle)
 k - a ring of protection from magic (left tentacle)
Wands
 q - a wand of acid (10)
Scrolls
 i - 2 scrolls of enchant armour
 j - 5 scrolls of immolation
 l - 4 scrolls of teleportation {unknown}
 o - 3 scrolls of amnesia
 p - 5 scrolls of remove curse {unknown}
 u - 2 scrolls of noise {unknown}
 v - a scroll of fog {unknown}
 w - 2 scrolls of blinking {unknown}
 y - a scroll of enchant weapon {unknown}
 B - 2 scrolls of magic mapping {unknown}
Potions
 m - a potion of haste
 r - 2 potions of flight
 s - 2 potions of mutation {unknown}
 t - 9 potions of degeneration {unknown}
 z - a potion of magic {unknown}
 E - a potion of lignification {unknown}
Comestibles
 c - 5 rations
 F - 4 chunks of flesh


   Skills:
 - Level 2.0 Dodging
 - Level 2.6 Stealth
 * Level 5.6 Spellcasting
 + Level 3.6 Conjurations
   Level 1.0 Summonings
 - Level 1.0 Translocations
 + Level 2.9 Air Magic
 + Level 3.7 Poison Magic


You had 8 spell levels left.
You knew the following spells:

 Your Spells              Type           Power        Failure   Level  Hunger
a - Magic Dart            Conj           ###.         1%          1    None
b - Mephitic Cloud        Conj/Pois/Air  ###.....     6%          3    #......
c - Conjure Flame         Conj/Fire      ##......     12%         3    #......
q - Blink                 Tloc           N/A          9%          2    None

Your spell library contained the following spells:

 Spells                   Type           Power        Failure   Level  Hunger
 Call Imp                 Summ           ##......     9%          2    None
 Slow                     Hex            #.......     13%         2    None


Dungeon Overview and Level Annotations

Branches:
Dungeon (4/15)            Ossuary (visited)
 Temple: D:4-7

Altars:
Ashenzari
Fedhas
Gozag
Hepliaklqana
Kikubaaqudgha
Qazlal
Uskayaw
Xom
The Shining One


Innate Abilities, Weirdness & Mutations

You cannot wear most types of armour.
You are very stealthy in the water. (Stealth+)
You are amphibious.
You can wear up to eight rings at the same time.
You can use your tentacles to constrict eight enemies at once.
Your skin changes colour to match your surroundings (Stealth+).
Your rubbery body absorbs attacks. (AC +1, EV +1)


Message History

The magic dart hits the ice beast but does no damage.
The ice beast is severely wounded.
The ice beast misses you.
Casting: Magic Dart (safe; 1% risk of failure)
Confirm with . or Enter, or press ? or * to list all spells.
Aiming: Magic Dart (safe; 1% risk of failure)
Press: ? - help, Shift-Dir - straight line, f/p - ice beast
Aim: an ice beast (severely wounded)
The magic dart hits the ice beast but does no damage.
The ice beast is severely wounded.
The ice beast hits you. The ice beast freezes you!
* * * LOW HITPOINT WARNING * * *
You are feeling hungry.
There is a hide-covered altar of Uskayaw here.
A bullfrog zombie comes into view.
There is a blossoming altar of Fedhas here.
The ice beast hits you.
* * * LOW HITPOINT WARNING * * *
The ice beast freezes you!
You die...

#.#..........# ..
#..###.......## ...
##.###.#....... ...#
#..##.##...#..
....###.#..##.....#
.....#.#.###.....#
#.....# #...#..
####....## #......
##@.Z...### #.<....
#.Y###.÷..##.....#.
###...............###
##....._..÷...#.##....
#...._..........######
###.#.........###...
##....._..⌠.._.# .#.
##..............# # #
#............_..# #. #


You could see an ice beast and a bullfrog zombie.

Vanquished Creatures
  An ogre (D:4)
  A howler monkey (D:4)
  2 centaur zombies (Ossuary)
  A human zombie (Ossuary)
  An orc priest (D:4)
  A hound (D:4)
  2 iguanas (D:4)
  2 orc wizards (D:4)
  A worker ant (D:4)
  6 mummies (Ossuary)
  3 gnolls (D:3)
  4 adders
  An ooze (D:4)
  2 worms (D:2)
  2 dart slugs
  5 leopard geckos
  6 orcs (D:4)
  10 bats
  7 giant cockroaches
  10 goblins
  6 hobgoblins
  4 jackals
  2 ball pythons
  8 frilled lizards
  A gnoll zombie (Ossuary)
  3 hobgoblin zombies (Ossuary)
  3 kobolds
  An orc zombie (Ossuary)
  10 rats
106 creatures vanquished.

Notes
Turn   | Place    | Note
-------+----------+-------------------------------------------
     0 | D:1      | DerDa the Octopode Wizard began the quest for the Orb.
     0 | D:1      | Reached XP level 1. HP: 11/11 MP: 4/4
     3 | D:1      | Noticed an electric eel
     3 | D:1      | Noticed an electric eel
   194 | D:1      | Reached XP level 2. HP: 15/17 MP: 4/6
   479 | D:1      | Reached XP level 3. HP: 21/21 MP: 1/8
   952 | D:1      | Learned a level 3 spell: Mephitic Cloud
   956 | D:1      | Learned a level 3 spell: Conjure Flame
   959 | D:1      | Learned a level 2 spell: Blink
  1401 | D:2      | Reached XP level 4. HP: 27/27 MP: 4/9
  1412 | D:2      | Reached skill level 4 in Spellcasting
  1534 | D:2      | Reached skill level 1 in Poison Magic
  1667 | D:2      | Found a hazy altar of Hepliaklqana.
  1676 | D:2      | Found a shattered altar of Ashenzari.
  1678 | D:2      | Found a stormy altar of Qazlal.
  2004 | D:3      | Reached skill level 1 in Air Magic
  2111 | D:3      | Reached XP level 5. HP: 22/31 MP: 1/11
  2901 | D:4      | Noticed an ogre
  2911 | D:4      | Killed an ogre
  2911 | D:4      | Reached XP level 6. HP: 36/36 MP: 8/13
  2969 | D:4      | Found a sand-covered staircase.
  2979 | Ossuary  | Entered an ossuary
  3076 | Ossuary  | Reached skill level 5 in Spellcasting
  3594 | Ossuary  | Reached XP level 7. HP: 41/41 MP: 1/14
  4313 | D:4      | Found an opulent altar of Gozag.
  4318 | D:4      | Found a shimmering altar of Xom.
  4318 | D:4      | Found a hide-covered altar of Uskayaw.
  4319 | D:4      | Found a blossoming altar of Fedhas.
  4334 | D:4      | Found an ancient bone altar of Kikubaaqudgha.
  4337 | D:4      | Found a glowing golden altar of the Shining One.
  4490 | D:4      | Mangled by an ice beast

Levels and vault maps discovered:
D:1:      arrival_aquarium_b, layout_loops_ring, hex_medium,
          hangedman_abyss_or_decor_lesser_grid
D:2:      layout_loops_cross, nicolae_overflow_hidden_temple
D:3:      layout_loops_ring, first_ration
D:4:      layout_rooms, grunt_temple_overflow_open, lemuel_round_altar,
          nicolae_ossuary_entry_ruins

Skill      XL: |  1  2  3  4  5  6 |
---------------+-------------------+-----
Conjurations   | 2 3 |  3.6
Spellcasting   | 4 5 |  5.6
Poison Magic   | 1 2 3 |  3.7
Air Magic      | 1 2 |  2.9
Dodging        | |  2.0
Stealth        | |  2.6
Summonings     | |  1.0
Translocations | |  1.0

Action                   |  1- 3 |  4- 6 |  7- 9 || total
-------------------------+-------+-------+-------++-------
Melee: Club              |    12 |    19 |       ||    31
       Constrict         |     4 |    12 |     3 ||    19
       Tentacles         |     1 |     7 |     2 ||    10
       Dagger            |       |    35 |    21 ||    56
 Cast: Magic Dart        |    85 |   169 |    73 ||   327
       Mephitic Cloud    |       |     1 |       ||     1
       Conjure Flame     |       |       |     1 ||     1
  Use: Scroll            |       |     6 |       ||     6
       Potion            |       |     5 |     5 ||    10
 Stab: Sleeping          |       |     3 |     1 ||     4
       Confused          |       |     1 |       ||     1
  Eat: Chunk             |     1 |     6 |       ||     7
       Ration            |       |       |     1 ||     1
Armor: Skin              |     2 |    11 |     5 ||    18
Dodge: Dodged            |    16 |    71 |    33 ||   120

Table legend:
 A = Non-vault XP
 B = Vault XP
 C = Vault XP percentage of total XP
 D = Non-vault monster count
 E = Vault monster count
 F = Vault count percentage of total count
                 A         B        C        D         E       F
            +---------+---------+-------+---------+---------+-------
      Total |     678 |     247 |  26.7 |      92 |      14 |  13.2
            +---------+---------+-------+---------+---------+-------
        D:1 |      44 |       0 |   0.0 |      25 |       0 |   0.0
        D:2 |      75 |       0 |   0.0 |      29 |       0 |   0.0
        D:3 |      90 |       0 |   0.0 |      20 |       0 |   0.0
        D:4 |     469 |       0 |   0.0 |      18 |       0 |   0.0
    Ossuary |       0 |     247 | 100.0 |       0 |      14 | 100.0
            +---------+---------+-------+---------+---------+-------
